 Dungeon Crawl Stone Soup version 0.26-a0-579-g3afe4966bf (webtiles) character file.

Game seed: 16513988082117635733

1245913 asturias the Slayer (level 27, -30/274 HPs)
             Began as an Octopode Fighter on Aug 23, 2020.
             Was an Initiate of Gozag.
             Annihilated by Antaeus
             ... wielding a +2 flail of protection
              (31 damage)
             ... on level 1 of the Abyss.
             The game lasted 04:36:37 (100642 turns).

asturias the Slayer (Octopode Fighter)            Turns: 100642, Time: 04:36:37

Health: -30/274    AC: 36    Str: 27    XL:     27
Magic:  38/53      EV: 27    Int: 46    God:    Gozag
Gold:   11393      SH: 20    Dex: 15    Spells: 10/68 levels left

rFire    + + .     SeeInvis +   b - +9 double sword (distort)
rCold    . . .     Faith    .   n - +5 kite shield of Voutwimu {*Corrode Regen+ Int+7}
rNeg     + + +     Spirit   .   G - +3 hat of Pondering {ponderous, MR+ MP+10 Int+5}
rPois    ∞         Reflect  .   h - amulet of Vitality {Regen+ HP+15}
rElec    +         Harm     .   x - +4 ring of slaying
rCorr    .                      R - ring of Shadows {Umbra +Inv Stlth+}
MR       +++..                  L - +6 ring of intelligence
Stlth    ++++++++++             u - +4 ring of slaying
HPRegen  1.35/turn              X - ring "Hihuanil" {rF+ Int+6 Dex+2}
MPRegen  0.33/turn              C - ring "Summ" {rPois Str+7 Int+4}
                                H - ring of Xixefur {+Fly rN+ Str+3 Slay+5}
                                S - ring of Rocoucvuept {rN++ Slay+3 SInv}

@: statue-form, frozen, gold aura, wreathed by umbra, very slow
A: almost no armour, stealthy swim, amphibious, 8 rings, constrict 8, tentacle
spike 1, repulsion field 1, camouflage 1, blurry vision 1, fire resistance 1,
frail 1, low mp 1, poison resistance, screaming 2, weak 1, MP-powered wands
}: 14/15 runes: decaying, slimy, silver, iron, obsidian, icy, bone, abyssal,
demonic, glowing, magical, fiery, dark, gossamer
a: End Transformation, Potion Petition, Call Merchant, Bribe Branch, Renounce
Religion, Evoke Invisibility, Evoke Flight


You were on level 1 of the Abyss.
You worshipped Gozag.
Gozag was extremely pleased with you.
You were a stone statue.
You visited 16 branches of the dungeon, and saw 83 of its levels.
You visited Pandemonium 1 time, and saw 12 of its levels.
You visited the Abyss 3 times.
You also visited: Ice Cave.

You collected 54492 gold pieces.
You spent 10332 gold pieces at shops.
You paid 32767 gold pieces to Gozag.

Inventory:

Hand Weapons
 b - a +9 double sword of distortion (weapon)
 c - the +6 sword of Cerebov {flame}
   (You found it in Pandemonium)

   It has been specially enchanted to burn those struck by it, causing extra
   injury to most foes and up to half again as much damage against particularly
   susceptible opponents.
   Big, fiery blades are also staple armaments of hydra-hunters.
Missiles
 d - 25 silver javelins (quivered)
Armour
 n - the +5 kite shield of Voutwimu (worn) {*Corrode Regen+ Int+7}
   (You acquired it on level 3 of the Crypt)

   It affects your intelligence (+7).
   It increases your rate of regeneration.
   It may corrode you when you take damage.
 G - the +3 hat of Pondering (worn) {ponderous, MR+ MP+10 Int+5}
   (You found it on level 3 of the Elven Halls)

   It affects your intelligence (+5).
   It affects your resistance to hostile enchantments.
   It affects your magic capacity (+10).
Jewellery
 f - an uncursed ring of wizardry
 h - the amulet of Vitality (around mantle) {Regen+ HP+15}
   (You found it on level 3 of the Depths)

   [amulet of regeneration]

   It affects your health (+15).
   It increases your rate of regeneration.
 u - a +4 ring of slaying (on tentacle)
 w - the amulet of the Air {Inacc +Fly rElec EV+5 RMsl}
   (You found it on level 7 of Gehenna)

   [amulet of inaccuracy]

   It reduces the accuracy of all your attacks.
   It affects your evasion (+5).
   It insulates you from electricity.
   It lets you fly.
   It protects you from missiles.
 x - a +4 ring of slaying (left tentacle)
 B - the ring "Gedis" {rC+ rN+ MR++ Str-4 Dex+2}
   (You found it in Pandemonium)

   [ring of positive energy]

   It affects your strength (-4).
   It affects your dexterity (+2).
   It protects you from cold.
   It protects you from negative energy.
   It affects your resistance to hostile enchantments.
 C - the ring "Summ" (on tentacle) {rPois Str+7 Int+4}
   (You found it on level 7 of the Iron City of Dis)

   [ring of poison resistance]

   It affects your strength (+7).
   It affects your intelligence (+4).
   It protects you from poison.
 H - the ring of Xixefur (on tentacle) {+Fly rN+ Str+3 Slay+5}
   (You found it on level 3 of the Crypt)

   [ring of positive energy]

   It affects your strength (+3).
   It affects your accuracy and damage with ranged weapons and melee attacks
   (+5).
   It protects you from negative energy.
   It lets you fly.
 J - an uncursed ring of fire
 L - a +6 ring of intelligence (on tentacle)
 M - an uncursed amulet of reflection
 O - the ring "Wyofunk" {rElec rCorr}
   (You found it on level 5 of the Pits of Slime)

   [ring of resist corrosion]

   It insulates you from electricity.
   It provides partial protection from all sources of acid and corrosion.
 R - the ring of Shadows (right tentacle) {Umbra +Inv Stlth+}
   (You found it on level 5 of the Pits of Slime)

   [ring of stealth]

   It lets you turn invisible.
   It makes you more stealthy.
 S - the ring of Rocoucvuept (on tentacle) {rN++ Slay+3 SInv}
   (You found it on level 5 of the Pits of Slime)

   [ring of see invisible]

   It affects your accuracy and damage with ranged weapons and melee attacks
   (+3).
   It greatly protects you from negative energy.
   It lets you see invisible.
 X - the ring "Hihuanil" (on tentacle) {rF+ Int+6 Dex+2}
   (You found it on level 7 of the Iron City of Dis)

   [ring of intelligence]

   It affects your intelligence (+6).
   It affects your dexterity (+2).
   It protects you from fire.
Wands
 a - a wand of acid (60)
 l - a wand of iceblast (25)
 p - a wand of paralysis (86)
 q - a wand of disintegration (53)
 I - a wand of digging (19)
Scrolls
 i - 13 scrolls of teleportation
 j - 35 scrolls of identify
 m - 2 scrolls of holy word
 v - 7 scrolls of blinking
 y - 7 scrolls of fog
 A - 3 scrolls of remove curse
 K - 2 scrolls of fear
 Z - 3 scrolls of summoning
Potions
 e - 4 potions of invisibility
 k - a potion of might
 o - 14 potions of lignification
 s - 6 potions of stabbing
 t - 9 potions of resistance
 D - 10 potions of brilliance
 E - 6 potions of berserk rage
 F - 5 potions of mutation
 N - 20 potions of curing
 P - 7 potions of magic
 Q - 2 potions of cancellation
 T - 17 potions of heal wounds
 U - a potion of haste
 V - 8 potions of ambrosia
Miscellaneous
 g - a phial of floods
 r - a phantom mirror
 z - a tin of tremorstones (3/3)
 W - a condenser vane (2/2)


   Skills:
 - Level 25.6 Fighting
 - Level 22.9 Long Blades
 + Level 9.7 Throwing
 - Level 18.2 Dodging
 - Level 18.3 Stealth
 - Level 15.0 Shields
 - Level 21.0 Spellcasting
 - Level 13.7 Conjurations
 - Level 16.9 Necromancy
 - Level 2.2 Translocations
 - Level 11.7 Transmutations
 - Level 3.9 Ice Magic
 - Level 20.6 Air Magic
 - Level 21.3 Earth Magic
 - Level 7.9 Poison Magic
 - Level 7.5 Evocations


You had 10 spell levels left.
You knew the following spells:

 Your Spells              Type           Power        Failure   Level
a - Blink                 Tloc           N/A          1%          2
b - Mephitic Cloud        Conj/Pois/Air  ########     0%          3
c - Wereblood             Tmut           ########     0%          2
d - Ozocubu's Armour      Ice            ######..     1%          3
e - Eringya's Noxious Bo  Tmut/Pois      #######...   1%          6
f - Statue Form           Tmut/Erth      ########.    1%          6
g - Borgnjor's Vile Clut  Necr/Erth      ########..   0%          5
h - Passage of Golubria   Tloc           N/A          1%          4
i - Shatter               Erth           ########..   6%          9
j - Apportation           Tloc           ######       1%          1
k - Lehudib's Crystal Sp  Conj/Erth      ########..   1%          8
l - Tornado               Air            ########..   9%          9

Your spell library contained the following spells:

 Spells                   Type           Power        Failure   Level
 Animate Skeleton         Necr           ######       0%          1
 Beastly Appendage        Tmut           ######       0%          1
 Magic Dart               Conj           ####         0%          1
 Pain                     Necr           ####         0%          1
 Sandblast                Erth           ######       0%          1
 Shock                    Conj/Air       ####         0%          1
 Sting                    Tmut/Pois      ####         0%          1
 Corpse Rot               Necr/Air       N/A          0%          2
 Passwall                 Tmut/Erth      ########     0%          2
 Poisonous Vapours        Pois/Air       ######       0%          2
 Searing Ray              Conj           ######       0%          2
 Sublimation of Blood     Necr           ########..   0%          2
 Swiftness                Air            ########     0%          2
 Static Discharge         Conj/Air       ########     0%          3
 Stone Arrow              Conj/Erth      ######       0%          3
 Vampiric Draining        Necr           ########..   0%          3
 Airstrike                Air            ########..   0%          4
 Animate Dead             Necr           ########..   0%          4
 Dispel Undead            Necr           ########     0%          4
 Petrify                  Tmut/Erth      ########     0%          4
 Agony                    Necr           ########     0%          5
 Excruciating Wounds      Necr           ########..   0%          5
 Lee's Rapid Deconstruct  Erth           ########..   0%          5
 Lightning Bolt           Conj/Air       ########..   0%          5
 Corona                   Hex            #####..      1%          1
 Foxfire                  Conj/Fire      ####         1%          1
 Freeze                   Ice            ####         1%          1
 Summon Small Mammal      Summ           ####         1%          1
 Call Imp                 Summ           #####...     1%          2
 Ensorcelled Hibernation  Hex/Ice        ######       1%          2
 Slow                     Hex            #####...     1%          2
 Call Canine Familiar     Summ           #####...     1%          3
 Confusing Touch          Hex            #####...     1%          3
 Conjure Flame            Conj/Fire      #######.     1%          3
 Dazzling Flash           Conj/Hex       ######       1%          3
 Frozen Ramparts          Ice            ######       1%          3
 Ignite Poison            Fire/Tmut/Pois #######.     1%          3
 Inner Flame              Hex/Fire       #####...     1%          3
 Lesser Beckoning         Tloc           ######....   1%          3
 Portal Projectile        Hex/Tloc       ######       1%          3
 Spider Form              Tmut/Pois      #######...   1%          3
 Summon Guardian Golem    Hex/Summ       #####...     1%          3
 Teleport Other           Tloc           ######..     1%          3
 Tukima's Dance           Hex            #####...     1%          3
 Fulminant Prism          Conj/Hex       #######...   1%          4
 Hailstorm                Conj/Ice       #######.     1%          4
 Ice Form                 Ice/Tmut       #######.     1%          4
 Iskenderun's Mystic Bla  Conj/Tloc      #######.     1%          4
 Leda's Liquefaction      Hex/Erth       #######...   1%          4
 Olgreb's Toxic Radiance  Pois           #######.     1%          4
 Sticky Flame             Conj/Fire      #######.     1%          4
 Summon Ice Beast         Ice/Summ       ######..     1%          4
 Summon Lightning Spire   Summ/Air       #######.     1%          4
 Alistair's Intoxication  Tmut/Pois      #######..    1%          5
 Blade Hands              Tmut           ########..   1%          5
 Bolt of Magma            Conj/Fire/Erth ########..   1%          5
 Fireball                 Conj/Fire      #######...   1%          5
 Irradiate                Conj/Tmut      ########..   1%          5
 Iskenderun's Battlesphe  Conj           ########     1%          5
 Silence                  Hex/Air        #######...   1%          5
 Yara's Violent Unravell  Hex/Tmut       #######...   1%          5
 Death Channel            Necr           ########..   1%          6
 Freezing Cloud           Conj/Ice/Air   ########..   1%          6
 Hydra Form               Tmut           ########..   1%          6
 Iron Shot                Conj/Erth      ########..   1%          6
 Simulacrum               Ice/Necr       #######...   1%          6
 Orb of Destruction       Conj           ########..   1%          7
 Dragon Form              Tmut           ########..   2%          7
 Chain Lightning          Conj/Air       ########..   2%          8
 Cause Fear               Hex            #####.....   3%          4
 Metabolic Englaciation   Hex/Ice        ######....   4%          5
 Summon Forest            Summ/Tloc      ######....   7%          5
 Ozocubu's Refrigeration  Ice            ######....   12%         6
 Spellforged Servitor     Conj/Summ      #######...   19%         7
 Invisibility             Hex            #####...     50%         6
 Summon Hydra             Summ           #####.....   97%         7
 Discord                  Hex            #####.....   100%        8
 Disjunction              Tloc           ######....   100%        8
 Ignition                 Fire           #####.....   100%        8
 Absolute Zero            Ice            ######....   100%        9
 Dragon's Call            Summ           #####.....   100%        9
 Fire Storm               Conj/Fire      #######...   100%        9


Dungeon Overview and Level Annotations

Branches:
Dungeon (15/15)            Temple (0/1) D:4            Lair (6/6) D:8
  Swamp (4/4) Lair:4       Spider (4/4) Lair:2        Slime (5/5) Lair:5
    Orc (2/2) D:10            Elf (3/3) Orc:2        Vaults (5/5) D:13
  Crypt (3/3) Vaults:2       Tomb (0/3) Crypt:3      Depths (5/5) D:15
   Hell (visited)             Dis (7/7) Hell            Geh (7/7) Hell
    Coc (7/7) Hell            Tar (7/7) Hell            Zot (4/5) Depths:5
  IceCv (visited)

Altars:
Cheibriados
Elyvilon
Gozag
Hepliaklqana
Kikubaaqudgha
Makhleb
Okawaru
Qazlal
Sif Muna
Trog
Xom
Yredelemnul
The Shining One
Beogh

Shops:
D:7 =   D:9 *   D:10 ::(:   D:11 [   Orc:2 ([?!   Vaults:4 }   Vaults:5 ?
Crypt:1 **   Crypt:3 :   Hell :*=*   Depths:5 ==}

Portals:
Hell: Depths:1 Depths:2 Depths:3 Depths:4 Depths:5
Abyss: Depths:2 Depths:4
Pandemonium: Depths:3
Ziggurat: Depths:3

Annotations:
Elf:1 2 transporters, Huem's ghost, adept TrBe
Elf:2 5 runed translucent doors
Coc:7 Serpent of
Hell
Abyss:1 Antaeus; Asmodeus; Kirke; Nikola


Innate Abilities, Weirdness & Mutations

You cannot wear most types of armour.
You are very stealthy in the water. (Stealth+)
You are amphibious.
You can wear up to eight rings at the same time.
You can use your tentacles to constrict eight enemies at once.
Your skin changes colour to match your surroundings (Stealth+).
((Your rubbery body absorbs attacks. (AC +1, EV +1)))
One of your tentacles bears a spike.
You are surrounded by a mild repulsion field. (EV +2)
((You are partially covered in yellow scales. (AC +2)))
Scrolls take you a little longer to read.
Your flesh is heat resistant. (rF+)
You are frail. (-10% HP)
Your magical capacity is low. (-10% MP)
Your system is resistant to poisons. (rPois)
You sometimes yell uncontrollably at your foes.
You are weak. (Str -2)
You expend magic power (3 MP) to strengthen your wands.


Message History

You barely miss Antaeus.
You pierce Antaeus, but do no damage.
You squeeze Antaeus, but do no damage.
Antaeus is moderately wounded.
You destroy the bone dragon!
The winds around you start to calm down.
You float gracefully downwards.
Antaeus gestures at you. The flash freeze hits you!!
* * * LOW HITPOINT WARNING * * *
You are encased in ice.
You feel much better.
Antaeus hits you with a +2 flail of protection!!
* * * LOW HITPOINT WARNING * * *
Antaeus freezes you!!!
* * * LOW HITPOINT WARNING * * *
Antaeus hits you with a +2 flail of protection.
* * * LOW HITPOINT WARNING * * *
Antaeus freezes you!!
You die...
Your body crumbles into a pile of gold.

≈##.# #≈≈### #. #≈
.≈≈≈.###≈.≈≈##.# ≈≈
≈.§§§§§§§§§§≈≈≈#≈≈.
≈≈§§§§§§§§§#§.. ≈.≈
≈≈§§§§§§§§§§§.....
.>§§§§§§§§§§§≈≈#.≈≈
..§§§§C§§§§§§≈≈≈..≈
.s§§§§§8§§§§§.....≈
#.§§§§§§§§§§§.. ...
..§§§§§§§§§§§......
..§§§§§§§§§§§≈≈≈ ≈.
.##§##§§#§§1#.####.
## #§#§§§§§#. .
........# .
#.....###. ### #


You could see Antaeus, an emperor scorpion (wandering) and a Tzitzimitl.

Vanquished Creatures
  Ereshkigal (Tar:7)
  the Royal Jelly (Slime:5)
  Gloorx Vloq (Pan)
  Lom Lobon (Pan)
  Mnoleg (Pan)
  Dispater (Dis:7)
  Mennas (Crypt:3)
  4 ancient liches (Tar:7)
  A pandemonium lord (Pan)
  A greater mummy (Depths:3)
  3 Killer Klowns (Zot:4)
  9 shard shrikes (Coc:7)
  the Lernaean hydra (Swamp:4)
  Xtahua (Depths:5)
  Margery (Crypt:1)
  2 caustic shrikes
  8 golden dragons
  Jory (Vaults:5)
  Geryon (Hell)
  the Enchantress (Depths:1)
  2 pearl dragons (Pan)
  Arachne (Spider:2)
  4 bone dragons
  5 iron giants (Dis:7)
  5 doom hounds
  15 Tzitzimimeh
  An electric golem (Zot:1)
  16 tentacled monstrosities
  21 Brimstone Fiends
  Rupert (D:15)
  7 Hell Sentinels
  11 Ice Fiends
  6 liches
  3 deep elf blademasters (Elf:3)
  A shard shrike skeleton (Crypt:2)
  An acid blob (shapeshifter) (Depths:2)
  Asterion (Depths:3)
  8 quicksilver dragons
  6 titans
  9 ancient champions
  2 Executioners (Pan)
  6 death cobs
  Agnes (D:15)
  9 sphinxes
  16 acid blobs
  Gastronok (Lair:1)
  2 tentacled starspawn (Abyss:4)
  A thorn hunter (Swamp:3)
  3 draconian monks
  20 shadow dragons
  15 fire giants
  7 tengu reavers
  13 azure jellies
  10 storm dragons
  3 daevas (Pan)
  Donald (Spider:3)
  6 deep elf sorcerers
  3 draconian knights
  Aizul (Spider:1)
  Snorg (D:10)
  7 iron dragons
  Louise (Elf:3)
  15 frost giants
  13 balrugs
  12 vault wardens
  6 emperor scorpions
  5 ghost moths
  A draconian scorcher (Zot:2)
  7 angels
  10 cacodemons
  2 curse skulls (Crypt:1)
  5 deep elf elementalists
  6 draconian shifters
  2 draconian stormcallers
  4 ghouls
  4 elemental wellsprings
  46 reapers
  32 war gargoyles
  11 stone giants
  3 spriggan defenders (Depths:1)
  An ophan (Pan)
  A draconian annihilator (Zot:1)
  6 entropy weavers
  24 very ugly things
  16 ironheart preservers
  The ghost of EnegeticOcto the Severer, a journeyman DDFi of Okawaru (Spider:1)
  4 deep elf demonologists
  2 corrupters (Pan)
  9 vampire knights
  3 deep elf annihilators
  A black sun (Pan)
  10 apis (Pan)
  2 red draconians
  2 purple draconians
  10 green draconians
  A lorocyproca (Pan)
  4 black draconians
  A dire elephant (shapeshifter) (Depths:2)
  6 white draconians
  A minotaur (shapeshifter) (Depths:2)
  3 spark wasps
  7 yellow draconians
  5 eidola
  12 crystal guardians (Depths:2)
  11 green deaths
  9 death oozes
  17 ettins
  11 deep elf death magi
  18 blizzard demons
  2 mummy priests (Depths:3)
  5 quicksilver dragon zombies
  14 jiangshi
  8 great orbs of eyes
  A merfolk javelineer (Depths:1)
  10 deep elf high priests
  11 fire dragons
  2 rakshasas
  25 vault guards
  20 yaktaur captains
  A kraken zombie (Coc:7)
  26 ice dragons
  19 hydras
  3 quicksilver dragon skeletons
  4 spriggan air magi
  A catoblepas (shapeshifter) (Depths:4)
  7 centaur warriors
  4 catoblepae
  11 alligators
  An anaconda (shapeshifter) (Depths:2)
  A ghost crab (Swamp:2)
  3 death knights
  9 tengu warriors
  6 deep troll shamans
  28 two-headed ogres
  14 ogre magi
  A thrashing horror (Abyss:4)
  4 deep troll earth magi
  12 death yaks
  4 titan zombies
  19 hell hogs
  4 spriggan berserkers
  14 vampire magi
  26 soul eaters
  35 sun demons
  4 storm dragon zombies
  5 titan skeletons
  26 hell knights
  Sonja (D:13)
  18 iron golems
  9 iron trolls (Dis:7)
  2 spatial maelstroms (Abyss:4)
  2 wretched stars (Abyss:4)
  13 deep elf knights
  A fire crab (shapeshifter) (Vaults:5)
  4 sixfirhies (Pan)
  7 golden dragon zombies
  3 salamander mystics (Depths:3)
  3 spriggan druids
  90 skeletal warriors
  7 storm dragon skeletons
  5 unseen horrors
  10 flayed ghosts
  19 shadow wraiths
  3 cherubim (Pan)
  A torturous demonspawn (Pan)
  17 shadow demons
  9 swamp dragons
  9 glowing orange brains
  A swamp dragon (shapeshifter) (Depths:4)
  25 deep trolls
  11 anaconda zombies
  A kraken simulacrum (Hell)
  A ghost moth zombie (Dis:7)
  4 shadow dragon zombies
  A death drake (Tar:7)
  2 obsidian statues (Depths:2)
  An orange crystal statue (Depths:2)
  2 infernal demonspawn (Pan)
  7 wizards
  A golden dragon skeleton (Coc:3)
  15 ironbrand convokers
  21 phantasmal warriors
  2 harpies (shapeshifter)
  Pikel (D:9)
  8 orc knights
  20 orb spiders
  4 harpies (Vaults:4)
  23 deep elf archers
  2 wolf spider zombies
  3 anaconda skeletons
  An orc sorcerer (Abyss:4)
  9 frost giant zombies
  19 necromancers
  40 ugly things
  3 iron dragon zombies
  6 fire giant zombies
  32 wolf spiders
  8 salamanders
  5 shadow dragon skeletons
  10 stone giant zombies
  A shining eye (shapeshifter) (Depths:2)
  7 shining eyes
  2 manticores (Lair:6)
  8 cyclopes
  Grum (D:8)
  90 slime creatures
  46 deep elf magi
  7 dire elephant zombies
  21 moths of wrath
  6 elephants (Lair:4)
  Joseph (D:8)
  A moth of wrath (shapeshifter) (Vaults:5)
  5 iron dragon skeletons
  4 frost giant skeletons
  2 stone giant skeletons
  2 titan simulacra
  19 smoke demons
  A cyclops (shapeshifter) (Depths:2)
  4 fire giant skeletons
  A shock serpent zombie (Geh:7)
  A black mamba (shapeshifter) (Vaults:4)
  6 ice statues
  9 orange demons (Pan)
  A black mamba (Lair:6)
  6 eyes of devastation
  12 vault sentinels
  A green draconian zombie (Dis:7)
  13 molten gargoyles
  2 apocalypse crabs (Abyss:4)
  A torpor snail (Spider:3)
  36 rust devils
  A cane toad (shapeshifter) (Depths:1)
  6 gargoyles
  12 rime drakes
  A storm dragon simulacrum (Vaults:5)
  7 cane toads
  A shock serpent skeleton (Geh:7)
  28 hellions
  2 kobold demonologists (D:12)
  A dire elephant skeleton (Coc:5)
  A catoblepas zombie (Geh:1)
  3 emperor scorpion zombies
  30 freezing wraiths
  A sea snake zombie (Crypt:1)
  3 efreet
  45 yaktaurs
  An iron troll skeleton (Crypt:2)
  30 ice devils
  6 komodo dragons
  4 spectral deep trolls (Crypt:2)
  11 hellwings (Pan)
  12 hydra zombies
  4 trolls
  5 guardian mummies (Depths:3)
  3 catoblepas skeletons
  2 harpy zombies
  5 tengu conjurers
  37 tormentors
  17 demonic crawlers
  26 red devils
  A green draconian skeleton (Geh:2)
  A merfolk (shapeshifter) (Depths:2)
  4 silent spectres
  A wind drake (shapeshifter) (Vaults:3)
  29 jumping spiders
  2 wolf spider simulacra
  4 tyrant leeches
  A polar bear (Lair:3)
  8 wind drakes
  A polar bear (shapeshifter) (Vaults:3)
  13 bog bodies
  Grinder (D:6)
  A jumping spider zombie (Crypt:1)
  19 blink frogs
  6 dream sheep (Lair:6)
  18 hornets
  A slime creature (shapeshifter) (Depths:2)
  Prince Ribbit (D:6)
  12 raiju
  A dream sheep (shapeshifter) (Depths:4)
  6 ettin zombies
  3 hydra skeletons
  12 hippogriffs
  2 harpy skeletons
  2 fire giant simulacra
  A fire dragon zombie (Geh:1)
  An iron dragon simulacrum (Coc:7)
  13 alligator zombies
  A frost giant simulacrum (Crypt:1)
  4 black mamba zombies
  90 flying skulls
  An ice dragon zombie (Coc:4)
  A satyr skeleton (Crypt:1)
  Sigmund (D:5)
  A spriggan (shapeshifter) (Vaults:3)
  26 shadows
  9 ettin skeletons
  33 wraiths
  6 air elementals (Depths:2)
  3 alligator skeletons (Coc:7)
  A tarantella (shapeshifter) (Depths:4)
  21 vampires (Crypt:3)
  18 spriggans
  A yak (shapeshifter) (Depths:4)
  10 ynoxinuls
  39 yaks
  2 fire dragon skeletons
  26 tarantellas
  3 fire bats (Geh:1)
  A golden eye (shapeshifter) (Vaults:2)
  70 redbacks
  28 fire elementals
  7 hogs (Swamp:1)
  3 basilisks
  9 water elementals
  16 neqoxecs (Pan)
  9 steam dragons (Lair:6)
  4 small abominations (Abyss:4)
  A catoblepas simulacrum (Crypt:1)
  34 vampire mosquitoes
  Menkaure (D:4)
  Edmund (D:6)
  9 chaos spawn
  A swamp worm (shapeshifter) (Depths:2)
  A faun zombie (Crypt:3)
  21 large abominations
  12 swamp worms
  An acid dragon (Vaults:2)
  6 insubstantial wisps
  6 wargs
  4 hydra simulacra
  A soldier ant (shapeshifter) (Vaults:4)
  A spatial vortex (Abyss:4)
  A soldier ant (D:13)
  A water nymph zombie (Crypt:3)
  A monstrous demonspawn zombie (Dis:1)
  9 cane toad zombies
  49 hell hounds
  10 porcupines
  12 water moccasins
  16 swamp drakes
  5 floating eyes
  2 floating eyes (shapeshifter)
  4 cane toad skeletons
  Duvessa (D:6)
  An infernal demonspawn skeleton (Crypt:3)
  5 ice beasts
  An ettin simulacrum (Vaults:2)
  4 snapping turtle zombies
  5 sky beasts
  2 swamp dragon zombies
  A black bear (Lair:1)
  20 necrophages
  38 orc warriors
  4 phantoms
  3 human zombies
  35 ogres
  6 eyes of draining
  2 manticore skeletons
  4 manticore zombies
  7 wolves
  A boggart (Depths:1)
  4 snapping turtle skeletons
  7 centaurs
  14 crocodiles
  A lemure (D:9)
  3 big kobolds
  27 bullfrogs
  A yaktaur zombie (Crypt:2)
  An elf skeleton (Tar:6)
  A cane toad simulacrum (Hell)
  16 earth elementals
  2 human skeletons
  Dowan (D:6)
  A raiju zombie (Crypt:1)
  A cyclops skeleton (Crypt:1)
  A water moccasin skeleton (Crypt:2)
  12 scorpions
  57 wights
  28 killer bees
  2 raiju skeletons
  2 electric eels
  A howler monkey (D:14)
  2 bullfrog zombies
  4 crimson imps
  A lava snake (Lair:5)
  A draconian simulacrum (IceCv)
  15 hounds
  2 jellies
  6 centaur zombies
  4 quasits
  8 centaur skeletons
  A gnoll shaman (D:8)
  27 orc priests
  Crazy Yiuf (D:2)
  21 iron imps
  28 orc wizards
  2 bullfrog skeletons
  3 iguanas
  10 worker ants
  A demonspawn skeleton (Crypt:3)
  6 hell rats
  A troll simulacrum (IceCv)
  A big kobold zombie (Crypt:1)
  A crocodile zombie (Crypt:3)
  A naga zombie (Dis:6)
  2 human simulacra
  An ogre skeleton (Tar:2)
  A hound skeleton (D:10)
  6 mummies
  2 worker ant zombies
  A howler monkey zombie (D:10)
  Robin (D:2)
  2 howler monkey skeletons
  9 gnolls
  5 naga simulacra (IceCv)
  18 adders
  3 ogre simulacra (IceCv)
  14 shadow imps
  17 white imps
  An ufetubus (D:5)
  An adder skeleton (Crypt:2)
  5 worms
  6 dart slugs
  6 leopard geckos
  147 orcs
  5 bats
  6 giant cockroaches
  13 goblins
  11 hobgoblins
  10 jackals
  4 quokkas
  A quokka (shapeshifter) (Vaults:5)
  3 ball pythons
  9 frilled lizards
  19 kobolds
  A kobold zombie (Dis:1)
  2 leopard gecko skeletons
  2 orc skeletons
  An orc zombie (Dis:4)
  A quokka skeleton (D:7)
  A quokka zombie (D:9)
  14 rats
  A rat zombie (Crypt:3)
  5 briar patches (Swamp:3)
  A starspawn tentacle (Abyss:4)
  2 tentacles (Coc:7)
3859 creatures vanquished.

Vanquished Creatures (collateral kills)
  3 shard shrikes (Coc:7)
  An Ice Fiend (Coc:7)
  A titan (Pan)
  3 Executioners (Pan)
  A storm dragon (Pan)
  A daeva (Pan)
  2 balrugs (Pan)
  A cacodemon (Pan)
  8 angels (Pan)
  2 reapers
  A curse skull (Pan)
  2 draconian annihilators (Pan)
  11 apis (Pan)
  3 ophanim (Pan)
  A lorocyproca (Pan)
  A deep elf annihilator (Pan)
  10 blizzard demons
  4 green deaths (Pan)
  A death ooze (Slime:5)
  5 rakshasas (Pan)
  An ice dragon (Coc:7)
  A monstrous demonspawn (Pan)
  Erica (D:8)
  3 infernal demonspawn (Pan)
  6 sun demons (Pan)
  A storm dragon zombie (Coc:7)
  2 sixfirhies (Pan)
  5 skeletal warriors (Coc:7)
  A shadow wraith (Pan)
  5 cherubim (Pan)
  A shadow demon (Pan)
  5 glowing orange brains (Pan)
  2 wizards (Pan)
  An anaconda skeleton (Pan)
  A fire giant zombie (Coc:7)
  3 large abominations (Pan)
  13 smoke demons (Pan)
  2 hellions (Pan)
  3 freezing wraiths (Coc:7)
  4 efreet (Pan)
  2 ice devils (Coc:7)
  10 hellwings (Pan)
  4 demonic crawlers (Pan)
  6 red devils (Pan)
  10 wind drakes (Pan)
  A hydra skeleton (Pan)
  An ettin zombie (Coc:7)
  2 ynoxinuls (Pan)
  7 yaks (D:10)
  A chaos spawn (Pan)
  A wyvern skeleton (D:8)
  A crimson imp (Pan)
  An orc (D:10)
  A fire vortex (Pan)
171 creatures vanquished.

Vanquished Creatures (others)
  Cerebov (Pan)
  2 pandemonium lords (Pan)
  2 bone dragons (Tar:7)
  4 Tzitzimimeh
  An iron giant (Dis:4)
  4 Brimstone Fiends
  6 Ice Fiends (Coc:7)
  2 tentacled monstrosities
  2 titans (Pan)
  2 liches
  2 sphinxes
  2 ancient champions
  5 Executioners (Pan)
  4 acid blobs (Slime:5)
  2 shadow dragons
  A storm dragon (Zot:1)
  A thorn hunter (Swamp:3)
  A shadow dragon (shapeshifter) (Vaults:5)
  A warmonger (Pan)
  3 daevas (Pan)
  2 fire giants
  A deep elf sorcerer (Elf:3)
  2 orc warlords
  A draconian knight (Depths:5)
  2 iron dragons
  A draconian scorcher (Zot:1)
  3 frost giants
  A frost giant (shapeshifter) (Depths:2)
  3 emperor scorpions
  A curse skull (Crypt:1)
  8 balrugs (Pan)
  A deep elf elementalist (Elf:3)
  4 ironheart preservers
  4 cacodemons (Pan)
  3 ghouls (Crypt:2)
  9 ophanim (Pan)
  7 angels (Pan)
  5 very ugly things
  A war gargoyle (Dis:7)
  3 green draconians
  3 stone giants
  An elemental wellspring (Coc:7)
  A stone giant (shapeshifter) (Depths:2)
  7 reapers
  An entropy weaver (Vaults:3)
  6 apis (Pan)
  2 vampire knights
  A black sun (Pan)
  An entropy weaver (shapeshifter) (Depths:2)
  A black draconian (Zot:4)
  A yellow draconian (Zot:4)
  2 red draconians
  6 blizzard demons
  2 eidola (Crypt:3)
  A deep elf death mage (Vaults:3)
  An ettin (shapeshifter) (Vaults:5)
  A jiangshi (Crypt:3)
  4 fire dragons
  2 green deaths (Pan)
  A yaktaur captain (Depths:5)
  An ogre mage (Vaults:3)
  3 ice dragons
  2 hydras
  A ghost crab (Swamp:3)
  A rakshasa (Pan)
  2 death knights
  A centaur warrior (Depths:3)
  4 two-headed ogres
  36 dancing weapons
  3 alligators
  A hell hog (Geh:7)
  2 deep troll earth magi
  2 vampire magi
  A deep troll shaman (Vaults:4)
  A spriggan berserker (Depths:5)
  14 sun demons
  4 titan zombies
  2 deep elf knights
  2 soul eaters (Pan)
  3 sixfirhies (Pan)
  A titan skeleton (Coc:7)
  2 storm dragon zombies
  A hell knight (Depths:1)
  2 large abominations (Pan)
  2 iron trolls
  5 shadow wraiths
  4 shadow demons (Pan)
  3 deep trolls
  A storm dragon skeleton (Coc:5)
  3 golden dragon zombies
  26 skeletal warriors
  A ghost moth zombie (Hell)
  A glowing orange brain (Depths:1)
  2 anaconda zombies
  A torturous demonspawn (Pan)
  An unseen horror (Vaults:1)
  3 flayed ghosts
  2 golden dragon skeletons (Geh:7)
  2 phantasmal warriors
  A cherub (Pan)
  5 shadow dragon zombies
  A gelid demonspawn (Pan)
  2 harpies (Vaults:4)
  2 deep elf archers (Elf:3)
  7 deep elf magi
  2 wolf spider zombies
  2 iron dragon zombies
  6 orc knights
  4 wolf spiders
  An anaconda skeleton (Geh:7)
  3 frost giant zombies
  3 orb spiders
  A salamander (Depths:3)
  A shadow dragon skeleton (Tar:7)
  7 ugly things
  A manticore (D:13)
  An iron dragon skeleton (Geh:1)
  A stone giant skeleton (Geh:2)
  5 fire giant skeletons
  4 dire elephant zombies
  3 rust devils
  3 smoke demons
  2 vault sentinels (Vaults:4)
  A molten gargoyle (Geh:7)
  6 orange demons (Pan)
  A frost giant skeleton (Coc:3)
  An ice statue (Coc:7)
  A pale draconian zombie (Crypt:1)
  3 yaktaurs
  A dire elephant skeleton (Coc:7)
  3 hellions
  8 freezing wraiths
  5 demonic crawlers
  A spectral deep troll (Crypt:2)
  A guardian mummy (Depths:3)
  3 hellwings (Pan)
  2 efreet (Pan)
  12 ice devils
  2 trolls (Orc:2)
  4 red devils (Pan)
  2 hydra zombies
  3 jumping spiders
  A hornet (Spider:4)
  2 tyrant leeches (Swamp:4)
  A wind drake (Pan)
  2 ettin zombies (Coc:7)
  2 hydra skeletons (Coc:7)
  An alligator zombie (Geh:1)
  4 bog bodies
  A fire giant simulacrum (Coc:7)
  3 fire dragon zombies
  12 slime creatures
  An ettin skeleton (Geh:7)
  4 fire dragon skeletons
  6 flying skulls
  A yak (D:14)
  4 vampires (Crypt:3)
  3 water elementals
  3 redbacks (Spider:3)
  5 ynoxinuls (Pan)
  A black mamba zombie (Tar:7)
  A tarantella (Spider:1)
  A dire elephant simulacrum (Crypt:1)
  2 wraiths
  2 fire elementals
  An elf skeleton (Vaults:4)
  3 vampire mosquitoes
  A neqoxec (Pan)
  A chaos spawn (Pan)
  4 swamp worms
  2 wargs
  4 hell hounds
  An insubstantial wisp (Depths:2)
  A gelid demonspawn skeleton (Crypt:1)
  A small abomination (Abyss:4)
  A cane toad skeleton (Coc:6)
  13 orc warriors
  An eye of draining (Slime:5)
  A swamp dragon zombie (Crypt:3)
  A snapping turtle skeleton (Coc:7)
  A centaur (D:14)
  A manticore skeleton (Geh:3)
  A big kobold (D:12)
  A wyvern skeleton (D:12)
  A spriggan zombie (Coc:7)
  4 wights
  A crimson imp (Pan)
  4 orc priests
  2 orc wizards (Orc:1)
  3 iron imps (Dis:7)
  A tengu zombie (Geh:7)
  A human simulacrum (D:13)
  A white imp (Coc:7)
  8 ball lightnings (Depths:2)
  15 orcs
  A kobold (D:11)
  A briar patch (Swamp:3)
  3 fire vortices (Pan)
  40 fungi
  A lurking horror (Abyss:1)
  59 plants
  6 starspawn tentacles (Abyss:4)
  9 tentacles
696 creatures vanquished.

Grand Total: 4726 creatures vanquished

Notes
Turn   | Place    | Note
-------+----------+-------------------------------------------
     0 | D:1      | asturias the Octopode Fighter began the quest for the Orb.
     0 | D:1      | Reached XP level 1. HP: 16/16 MP: 1/1
    98 | D:1      | Reached XP level 2. HP: 2/21 MP: 2/2
   426 | D:1      | Reached XP level 3. HP: 26/26 MP: 3/3
  1150 | D:2      | Reached XP level 4. HP: 24/31 MP: 4/4
  1541 | D:2      | Reached skill level 1 in Throwing
  1542 | D:2      | Noticed Robin
  1556 | D:2      | Killed Robin
  2065 | D:2      | Reached XP level 5. HP: 34/36 MP: 5/5
  2326 | D:2      | Found a runed translucent door.
  2327 | D:2      | Noticed Crazy Yiuf
  2338 | D:2      | Killed Crazy Yiuf
  2788 | D:3      | Found a shimmering blue altar of Sif Muna.
  2791 | D:3      | Found an opulent altar of Gozag.
  2795 | D:3      | Became a worshipper of Gozag Ym Sagoz the Greedy
  2801 | D:3      | Found a shimmering altar of Xom.
  2812 | D:3      | Found an iron altar of Okawaru.
  3170 | D:3      | Reached XP level 6. HP: 19/42 MP: 6/6
  3844 | D:4      | Reached skill level 5 in Throwing
  4004 | D:4      | Found a staircase to the Ecumenical Temple.
  4039 | D:4      | Learned a level 2 spell: Blink
  4043 | D:4      | Learned a level 3 spell: Mephitic Cloud
  4050 | D:4      | Noticed Menkaure
  4061 | D:4      | Killed Menkaure
  4061 | D:4      | Reached skill level 5 in Long Blades
  4061 | D:4      | Reached XP level 7. HP: 38/46 MP: 7/7
  4804 | D:5      | Entered Level 5 of the Dungeon
  4806 | D:5      | Found a white marble altar of Elyvilon.
  4821 | D:5      | You fall into a shaft and drop 3 floors!
  5010 | D:6      | Noticed Prince Ribbit
  5024 | D:6      | Killed Prince Ribbit
  5024 | D:6      | Reached XP level 8. HP: 45/52 MP: 8/8
  5357 | D:6      | Noticed Duvessa
  5359 | D:6      | Noticed Dowan
  5375 | D:6      | Killed Duvessa
  5375 | D:6      | Reached skill level 4 in Fighting
  5379 | D:6      | Killed Dowan
  5541 | D:6      | Identified the Disquisition on Transmigration
  5619 | D:6      | Noticed Edmund
  5637 | D:6      | Killed Edmund
  5637 | D:6      | Reached skill level 5 in Fighting
  5667 | D:6      | Reached skill level 1 in Poison Magic
  5974 | D:6      | Reached skill level 1 in Conjurations
  5974 | D:6      | Reached skill level 1 in Air Magic
  6210 | D:6      | Noticed Grinder
  6219 | D:6      | Killed Grinder
  6219 | D:6      | Reached skill level 1 in Spellcasting
  6707 | D:5      | Reached XP level 9. HP: 59/61 MP: 11/11
  6905 | D:5      | Found a snail-covered altar of Cheibriados.
  7189 | D:5      | Noticed Sigmund
  7216 | D:5      | Killed Sigmund
  7502 | D:5      | Reached skill level 6 in Fighting
  7583 | D:5      | Found a stormy altar of Qazlal.
  7965 | D:7      | Found Plog's Jewellery Emporium.
  8918 | D:7      | Reached skill level 5 in Poison Magic
  8998 | D:7      | Found an ancient bone altar of Kikubaaqudgha.
  9119 | D:7      | Found a glowing golden altar of the Shining One.
  9315 | D:7      | Bought a +6 ring of intelligence for 760 gold pieces
  9315 | D:7      | Bought an uncursed amulet of reflection for 390 gold pieces
  9506 | D:8      | Noticed Joseph
  9513 | D:8      | Killed Joseph
  9513 | D:8      | Reached skill level 7 in Fighting
  9842 | D:8      | Reached skill level 8 in Fighting
  9845 | D:8      | Reached XP level 10. HP: 16/72 MP: 14/14
 10148 | D:8      | Noticed Erica
 10411 | D:8      | Found a staircase to the Lair.
 10657 | D:8      | Noticed Grum
 10682 | D:8      | Killed Erica
 10692 | D:8      | Killed Grum
 10692 | D:8      | Reached skill level 5 in Dodging
 10954 | D:8      | Noticed a two-headed ogre
 10991 | D:8      | Killed a two-headed ogre
 11236 | D:8      | Reached skill level 1 in Evocations
 11877 | D:8      | Reached skill level 5 in Evocations
 12150 | D:9      | Reached XP level 11. HP: 48/78 MP: 15/15
 12563 | D:9      | Found a burning altar of Makhleb.
 12563 | D:9      | Noticed a balrug
 12584 | D:9      | Found Pyiroi's Assorted Antiques.
 12596 | D:9      | Bought a silver wand for 124 gold pieces
 12596 | D:9      | Bought a scroll labeled TUTI WANARO for 31 gold pieces
 12596 | D:9      | Bought a scroll labeled FEMODO HAICH for 31 gold pieces
 12596 | D:9      | Bought a scroll labeled DOQUMA ITROKUF for 31 gold pieces
 12596 | D:9      | Bought a scroll labeled TUTI WANARO for 31 gold pieces
 12596 | D:9      | Bought a scroll labeled MUOTAEMAAD for 31 gold pieces
 12596 | D:9      | Bought a sapphire potion for 27 gold pieces
 12620 | D:9      | Noticed a two-headed ogre
 12630 | D:9      | Killed a two-headed ogre
 12992 | D:9      | Noticed Pikel
 13006 | D:9      | Killed Pikel
 13144 | D:9      | Learned a level 2 spell: Wereblood
 13230 | D:10     | Entered Level 10 of the Dungeon
 13243 | D:9      | Reached skill level 1 in Transmutations
 13334 | D:10     | Noticed Snorg
 14052 | D:10     | Found a staircase to the Orcish Mines.
 14712 | D:10     | Killed an unseen horror
 15382 | D:10     | Killed an unseen horror
 15889 | D:7      | Bought a +4 ring of slaying for 1014 gold pieces
 15971 | Lair:1   | Entered Level 1 of the Lair of Beasts
 15973 | Lair:1   | Reached skill level 10 in Long Blades
 16157 | Lair:1   | Reached XP level 12. HP: 84/84 MP: 16/16
 16826 | Lair:1   | Noticed Gastronok
 16833 | Lair:1   | Killed Gastronok
 17105 | Lair:1   | Noticed a seven-headed hydra
 17538 | Lair:1   | Killed a six-headed hydra
 18140 | Lair:2   | Found a hole to the Spider Nest.
 19396 | Lair:3   | Learned a level 3 spell: Ozocubu's Armour
 19542 | Lair:3   | Reached skill level 1 in Ice Magic
 20410 | Lair:3   | Reached XP level 13. HP: 82/90 MP: 17/17
 20970 | Lair:4   | Reached skill level 5 in Spellcasting
 22707 | Lair:4   | Found a staircase to the Swamp.
 23313 | Lair:5   | Found a staircase to the Slime Pits.
 23988 | Lair:6   | Entered Level 6 of the Lair of Beasts
 24415 | Lair:6   | Reached skill level 10 in Dodging
 24517 | Lair:6   | Noticed a fire dragon
 24537 | Lair:6   | Killed a fire dragon
 24545 | Lair:6   | Reached XP level 14. HP: 61/95 MP: 24/24
 24554 | Lair:6   | Reached skill level 9 in Fighting
 25432 | Lair:6   | Reached skill level 5 in Transmutations
 26628 | Lair:5   | HP: 1/98 [death yak (20)]
 27453 | Lair:6   | Learned a level 6 spell: Eringya's Noxious Bog
 29333 | D:10     | Killed Snorg
 29429 | D:7      | Bought a +6 ring of intelligence for 760 gold pieces
 29517 | Orc:1    | Entered Level 1 of the Orcish Mines
 29771 | Orc:1    | Found a roughly hewn altar of Beogh.
 29772 | Orc:1    | Noticed an orc warlord
 29802 | Orc:1    | Killed an orc warlord
 30304 | D:7      | Bought a +6 ring of strength for 760 gold pieces
 30412 | Orc:2    | Entered Level 2 of the Orcish Mines
 30425 | Orc:2    | Found a roughly hewn altar of Beogh.
 30854 | Orc:2    | Found a staircase to the Elven Halls.
 31000 | Orc:2    | Found a roughly hewn altar of Beogh.
 31025 | Orc:2    | Found a bloodstained altar of Trog.
 31274 | Orc:2    | Found a roughly hewn altar of Beogh.
 31308 | Orc:2    | Found Saytuep's Magic Scroll Emporium.
 31317 | Orc:2    | Bought a scroll of silence for 75 gold pieces
 31317 | Orc:2    | Bought a scroll of summoning for 95 gold pieces
 31593 | Orc:2    | Found a roughly hewn altar of Beogh.
 31740 | Orc:2    | Found Qusutt's Distillery.
 31761 | Orc:2    | Bought a potion of heal wounds for 70 gold pieces
 31761 | Orc:2    | Bought a potion of lignification for 42 gold pieces
 31883 | Orc:2    | Found a roughly hewn altar of Beogh.
 32051 | Orc:2    | Gained mutation: You are frail. (-10% HP) [mutagenic glow]
 32053 | Orc:2    | Lost mutation: You are frail. (-10% HP) [potion of
                  | mutation]
 32053 | Orc:2    | Gained mutation: You are surrounded by a mild repulsion
                  | field. (EV +2) [potion of mutation]
 32053 | Orc:2    | Gained mutation: You are resistant to electric shocks.
                  | (rElec) [potion of mutation]
 32053 | Orc:2    | Gained mutation: Your spells are a little harder to cast,
                  | but a little more powerful. [potion of mutation]
 32063 | Orc:2    | Gained mutation: Scrolls take you a little longer to read.
                  | [mutagenic glow]
 32166 | Orc:2    | Noticed an orc warlord
 32184 | Orc:2    | Killed an orc warlord
 32508 | Orc:2    | Found Zubucos's Antique Weapon Emporium.
 32508 | Orc:2    | Found a roughly hewn altar of Beogh.
 32529 | Orc:2    | Found Meassajo's Antique Armour Shoppe.
 32562 | Orc:2    | Found a roughly hewn altar of Beogh.
 32671 | Orc:2    | Found a roughly hewn altar of Beogh.
 32777 | Orc:2    | Bought a runed scimitar for 231 gold pieces
 33146 | D:10     | Bought a book of Transfigurations for 990 gold pieces
 33153 | D:10     | Learned a level 6 spell: Statue Form
 33192 | D:11     | Reached skill level 1 in Earth Magic
 33198 | D:11     | Reached XP level 15. HP: 96/103 MP: 25/25
 33588 | D:11     | Found Mulu's Antique Armour Shoppe.
 34173 | D:12     | Found a frozen archway.
 34227 | IceCv    | Entered an ice cave
 34845 | IceCv    | Reached skill level 5 in Earth Magic
 34896 | IceCv    | Got slimy fire dragon scales
 34995 | D:12     | Identified the cursed +0 fire dragon scales of Ablaurphi
                  | {rF++ rC- rN+ Str-4 Slay+5} (You found it in an ice cave)
 35014 | D:12     | Identified 3 scrolls of acquirement
 35014 | D:12     | Acquired a +2 double sword of distortion
 35016 | D:12     | Acquired 2330 gold pieces
 35022 | D:12     | Acquired 1150 gold pieces
 35808 | D:13     | Noticed Sonja
 35809 | D:13     | Killed Sonja
 36035 | D:13     | Found a gate to the Vaults.
 36330 | D:13     | Reached skill level 10 in Transmutations
 38283 | D:15     | Entered Level 15 of the Dungeon
 38423 | D:15     | Reached XP level 16. HP: 108/108 MP: 21/28
 38521 | D:15     | Noticed Agnes
 38527 | D:15     | Killed Agnes
 38841 | D:15     | Found a staircase to the Depths.
 38917 | D:15     | Noticed Rupert
 38924 | D:15     | Killed Rupert
 39217 | Spider:1 | Entered Level 1 of the Spider Nest
 39990 | Spider:1 | Found a runed translucent door.
 39990 | Spider:1 | Noticed EnegeticOcto's ghost (journeyman DDFi)
 40166 | Spider:1 | Killed EnegeticOcto's ghost
 40628 | Spider:1 | Noticed Aizul
 40643 | Spider:1 | Killed Aizul
 41396 | Spider:2 | Reached skill level 15 in Long Blades
 41774 | Spider:2 | Noticed Arachne
 41798 | Spider:2 | Killed Arachne
 42587 | Spider:3 | Reached XP level 17. HP: 114/114 MP: 30/30
 42587 | Spider:3 | Noticed Donald
 42595 | Spider:3 | Killed Donald
 42612 | Spider:3 | Reached skill level 10 in Fighting
 42861 | Spider:3 | Reached skill level 11 in Fighting
 43967 | Spider:4 | Entered Level 4 of the Spider Nest
 43973 | Spider:4 | Reached skill level 12 in Fighting
 44753 | Spider:4 | Reached skill level 5 in Shields
 45591 | Spider:4 | Reached XP level 18. HP: 127/127 MP: 0/31
 45878 | Spider:4 | Got a gossamer rune of Zot
 46197 | Swamp:1  | Entered Level 1 of the Swamp
 46336 | Swamp:1  | Found a hazy altar of Hepliaklqana.
 46389 | Swamp:1  | Reached skill level 10 in Shields
 46632 | Swamp:1  | Noticed Kirke
 46650 | Swamp:1  | Banished Kirke
 47196 | Swamp:2  | Found an iron altar of Okawaru.
 49651 | Swamp:4  | Entered Level 4 of the Swamp
 50029 | Swamp:4  | Noticed Nikola
 50032 | Swamp:4  | Banished Nikola
 50032 | Swamp:4  | Reached XP level 19. HP: 133/133 MP: 25/32
 50243 | Swamp:4  | Noticed the 27-headed Lernaean hydra
 50251 | Swamp:4  | Killed the 27-headed Lernaean hydra
 50535 | Swamp:4  | Got a decaying rune of Zot
 51404 | Vaults:1 | Entered Level 1 of the Vaults
 51416 | Vaults:1 | Reached skill level 15 in Shields
 51421 | Vaults:1 | Reached skill level 13 in Fighting
 51936 | Vaults:1 | Reached skill level 14 in Fighting
 52768 | D:10     | Bought a manual of Stealth for 1435 gold pieces
 52772 | D:10     | Bought a book of Unlife for 1040 gold pieces
 52778 | D:10     | Learned a level 5 spell: Borgnjor's Vile Clutch
 52898 | Vaults:2 | Reached skill level 1 in Necromancy
 53144 | Vaults:2 | Reached skill level 5 in Necromancy
 53656 | Vaults:2 | Found a staircase to the Crypt.
 54002 | Vaults:2 | Reached XP level 20. HP: 144/144 MP: 30/33
 54005 | Vaults:2 | Reached skill level 1 in Stealth
 54086 | Vaults:2 | Reached skill level 5 in Stealth
 54457 | Vaults:2 | Reached skill level 10 in Stealth
 55390 | Vaults:3 | Reached skill level 15 in Stealth
 56415 | Vaults:4 | Found Equvat's Gadget Shop.
 56442 | Vaults:4 | Bought a phantom mirror for 600 gold pieces
 56580 | Vaults:3 | Reached XP level 21. HP: 104/149 MP: 34/34
 56969 | Vaults:4 | Identified the +6 morningstar of Pujoraf {distort, Str+2}
 58033 | Vaults:4 | Reached skill level 15 in Dodging
 58858 | Elf:1    | Entered Level 1 of the Elven Halls
 59242 | Elf:1    | Identified the +8 rapier of Extinguishment {drain, rElec
                  | MR+ Str+2}
 59247 | Elf:1    | Noticed Huem's ghost (adept TrBe)
 59253 | Elf:1    | Identified the +4 rapier of Tension {drain, *Contam +Inv
                  | rElec Dex-5}
 59253 | Elf:1    | Identified the ring of Corybb {rF+ MR+}
 59255 | Elf:1    | Identified the +8 longbow "Imonuv" {vorpal, +Fly MR+}
 59263 | Elf:1    | Found a bloodstained altar of Trog.
 59272 | Elf:1    | Found a transporter.
 59278 | Elf:1    | Found a transporter.
 59291 | Elf:1    | Reached skill level 15 in Fighting
 60440 | Elf:2    | Found a huge runed translucent gate.
 60440 | Elf:2    | Found a huge runed translucent gate.
 60440 | Elf:2    | Found a huge runed translucent gate.
 60444 | Elf:2    | Found a huge runed translucent gate.
 60447 | Elf:2    | Found a huge runed translucent gate.
 60496 | Elf:2    | Reached XP level 22. HP: 159/159 MP: 35/35
 60510 | Elf:2    | Reached skill level 16 in Fighting
 60753 | Elf:3    | Entered Level 3 of the Elven Halls
 60805 | Elf:3    | Identified the -4 tower shield of the King of Swords {rN+
                  | Str+3}
 60805 | Elf:3    | Noticed Louise
 60817 | Elf:3    | Killed Louise
 61433 | Elf:3    | Gained mutation: Your body sometimes deteriorates upon
                  | taking damage. [mutagenic glow]
 61454 | Elf:3    | Gained mutation: You tend to lose your temper in combat.
                  | [mutagenic glow]
 61455 | Elf:3    | Reached skill level 17 in Fighting
 61500 | Elf:3    | Identified the +9 eveningstar "Wypilood" {drain, Str+3
                  | Int+4}
 61500 | Elf:3    | Identified the ring of Zylec {rN++ MR- Int+4 Dex+6}
 61506 | Elf:3    | Lost mutation: You tend to lose your temper in combat.
                  | [potion of mutation]
 61506 | Elf:3    | Lost mutation: Scrolls take you a little longer to read.
                  | [potion of mutation]
 61506 | Elf:3    | Lost mutation: You are resistant to electric shocks.
                  | (rElec) [potion of mutation]
 61506 | Elf:3    | Lost mutation: Your spells are a little harder to cast, but
                  | a little more powerful. [potion of mutation]
 61506 | Elf:3    | Gained mutation: Your body often deteriorates upon taking
                  | damage. [potion of mutation]
 61506 | Elf:3    | Gained mutation: You are robust. (+10% HP) [potion of
                  | mutation]
 61517 | Elf:3    | Cast into level 4 of the Abyss (a deep elf sorcerer)
 61653 | Abyss:4  | Got an ivory broad axe
 61781 | Abyss:4  | Got an abyssal rune of Zot
 61871 | Elf:3    | Escaped the Abyss
 61872 | Elf:3    | Reached skill level 18 in Fighting
 61981 | Elf:3    | Identified the +5 broad axe of War {elec, Int+2 Stlth+}
                  | (You found it on level 4 of the Abyss)
 62011 | Elf:3    | Identified the +5 war axe "Yskeoxt" {venom, *Noise rC++
                  | Dex+3}
 62059 | Elf:3    | Identified the cursed +1 ring mail of Past Mistakes {rPois
                  | rF+ Str+4}
 62123 | Elf:3    | Identified the +5 morningstar "Ecycsan" {holy, rPois MR+}
 62134 | Elf:3    | Found the +3 hat of Pondering {ponderous, MR+ MP+10 Int+5}
 62239 | Elf:3    | Identified the Disquisition on the Ashen Voyage
 62677 | Elf:3    | Identified the cursed +1 long sword of the Shining Light
                  | {flame, *Drain rPois Int+8} (You found it on level 3 of the
                  | Elven Halls)
 63049 | Crypt:1  | Entered Level 1 of the Crypt
 63143 | Crypt:1  | Found a basalt altar of Yredelemnul.
 63260 | Crypt:1  | Reached skill level 10 in Necromancy
 63341 | Crypt:1  | Noticed Margery
 63555 | Crypt:1  | Killed Margery
 63555 | Crypt:1  | Reached XP level 23. HP: 183/188 MP: 36/36
 64266 | Crypt:1  | Bought a potion of heal wounds for 130 gold pieces
 64269 | Crypt:1  | Bought a wand of paralysis (9) for 44 gold pieces
 65508 | Crypt:3  | Entered Level 3 of the Crypt
 65589 | Crypt:3  | Reached skill level 10 in Earth Magic
 66009 | Crypt:3  | Noticed Mennas
 66025 | Crypt:3  | Killed Mennas
 66519 | Crypt:3  | Reached XP level 24. HP: 170/194 MP: 36/36
 66948 | Crypt:3  | Found a staircase to the Tomb.
 67154 | Crypt:3  | Got a steaming jade amulet
 67154 | Crypt:3  | Got a heavily runed bronze ring
 67154 | Crypt:3  | Got a smoking pewter ring
 67155 | Crypt:3  | Identified the amulet of the Trilobite {rN+ MR- Regen+
                  | Dex+4} (You found it on level 3 of the Crypt)
 67157 | Crypt:3  | Identified the ring of Xixefur {+Fly rN+ Str+3 Slay+5} (You
                  | found it on level 3 of the Crypt)
 67161 | Crypt:3  | Identified the ring of Giffywk {rElec rN+ MP+9 Str-3} (You
                  | found it on level 3 of the Crypt)
 67167 | Crypt:3  | Acquired the +5 kite shield of Voutwimu {*Corrode Regen+
                  | Int+7}
 67202 | Crypt:3  | Learned a level 4 spell: Passage of Golubria
 67431 | Depths:1 | Entered Level 1 of the Depths
 68108 | Depths:1 | Noticed the Enchantress
 68109 | Depths:1 | Reached skill level 15 in Earth Magic
 68116 | Depths:1 | Killed the Enchantress
 68359 | Depths:1 | Found a gateway to Hell.
 68363 | Depths:1 | Reached skill level 10 in Spellcasting
 68969 | Depths:2 | Lost mutation: Your body often deteriorates upon taking
                  | damage. [potion of mutation]
 68969 | Depths:2 | Lost mutation: You are robust. (+10% HP) [potion of
                  | mutation]
 68969 | Depths:2 | Gained mutation: Your magical capacity is low. (-10% MP)
                  | [potion of mutation]
 68969 | Depths:2 | Gained mutation: Your body often deteriorates upon taking
                  | damage. [potion of mutation]
 68969 | Depths:2 | Gained mutation: You are agile. (Dex +2) [potion of
                  | mutation]
 68970 | Depths:2 | Lost mutation: You are agile. (Dex +2) [potion of mutation]
 68970 | Depths:2 | Lost mutation: Your body often deteriorates upon taking
                  | damage. [potion of mutation]
 68970 | Depths:2 | Lost mutation: Your magical capacity is low. (-10% MP)
                  | [potion of mutation]
 68970 | Depths:2 | Gained mutation: You are weak. (Str -2) [potion of
                  | mutation]
 68970 | Depths:2 | Gained mutation: Your body often deteriorates upon taking
                  | damage. [potion of mutation]
 68970 | Depths:2 | Gained mutation: You possess an exceptional clarity of
                  | mind. [potion of mutation]
 68971 | Depths:2 | Lost mutation: Your body often deteriorates upon taking
                  | damage. [potion of mutation]
 68971 | Depths:2 | Lost mutation: You possess an exceptional clarity of mind.
                  | [potion of mutation]
 68971 | Depths:2 | Lost mutation: Your body sometimes deteriorates upon taking
                  | damage. [potion of mutation]
 68971 | Depths:2 | Gained mutation: You are resistant to electric shocks.
                  | (rElec) [potion of mutation]
 68971 | Depths:2 | Lost mutation: You are resistant to electric shocks.
                  | (rElec) [potion of mutation]
 68971 | Depths:2 | Gained mutation: Your flesh is heat resistant. (rF+)
                  | [potion of mutation]
 69228 | Depths:2 | Noticed a caustic shrike
 69228 | Depths:2 | a frost giant changed into a caustic shrike
 69230 | Depths:2 | a caustic shrike changed into an acid blob
 69247 | Depths:2 | Reached XP level 25. HP: 176/183 MP: 39/39
 69629 | Depths:2 | Found a one-way gate to the infinite horrors of the Abyss.
 69835 | Depths:2 | Learned a level 9 spell: Shatter
 69837 | Depths:3 | Noticed Asterion
 69849 | Depths:3 | Killed Asterion
 69884 | Depths:3 | Found a one-way gate leading to the halls of Pandemonium.
 69896 | Depths:3 | Found a gateway to a ziggurat.
 70508 | Depths:3 | Found the amulet of Vitality {Regen+ HP+15}
 70508 | Depths:3 | Noticed a greater mummy
 70519 | Depths:3 | Killed a greater mummy
 71282 | Depths:4 | Reached XP level 26. HP: 157/189 MP: 39/39
 71834 | Depths:4 | Identified Lom Lobon's Almanac of the Voyage
 72179 | Depths:5 | Entered Level 5 of the Depths
 72522 | Depths:5 | Found Diho's Jewellery Emporium.
 72524 | Depths:5 | Found Vydaociu's Gadget Boutique.
 72525 | Depths:5 | Found Dumpeumiow's Jewellery Emporium.
 72530 | Depths:5 | Bought an uncursed ring of resist corrosion for 360 gold
                  | pieces
 72857 | Depths:5 | Found a gate to the Realm of Zot.
 73182 | Depths:5 | Identified Wifontit's Handbook of Gliding Toxins
 73395 | Depths:5 | Noticed Xtahua
 73405 | Depths:5 | Killed Xtahua
 73581 | Depths:5 | Identified the Grimoire of the Volcanoes and Execration
 73671 | Depths:5 | Learned a level 1 spell: Apportation
 74059 | Slime:1  | Entered Level 1 of the Pits of Slime
 74252 | Slime:1  | Gained mutation: You occasionally shout uncontrollably at
                  | your foes. [a shining eye]
 74253 | Slime:1  | Gained mutation: Scrolls take you a little longer to read.
                  | [a shining eye]
 74726 | Slime:5  | Entered Level 5 of the Pits of Slime
 74766 | Slime:5  | Reached XP level 27. HP: 198/198 MP: 40/40
 74768 | Slime:5  | Gained mutation: You are dopey. (Int -2) [a shining eye]
 74771 | Slime:5  | Gained mutation: Your spells are a little easier to cast,
                  | but a little less powerful. [a shining eye]
 74771 | Slime:5  | Reached skill level 19 in Fighting
 74772 | Slime:5  | Gained mutation: You sometimes yell uncontrollably at your
                  | foes. [a shining eye]
 74775 | Slime:5  | Gained mutation: You are very weak. (Str -4) [a shining
                  | eye]
 74787 | Slime:5  | Noticed the Royal Jelly
 74841 | Slime:4  | Lost mutation: You are very weak. (Str -4) [potion of
                  | mutation]
 74841 | Slime:4  | Lost mutation: Scrolls take you a little longer to read.
                  | [potion of mutation]
 74841 | Slime:4  | Lost mutation: You are weak. (Str -2) [potion of mutation]
 74841 | Slime:4  | Lost mutation: Your spells are a little easier to cast, but
                  | a little less powerful. [potion of mutation]
 74841 | Slime:4  | Gained mutation: One of your tentacles bears a spike.
                  | [potion of mutation]
 74841 | Slime:4  | Gained mutation: You expend magic power (3 MP) to
                  | strengthen your wands. [potion of mutation]
 74872 | Slime:5  | Killed the Royal Jelly
 75247 | Slime:5  | Reached skill level 20 in Fighting
 75271 | Slime:5  | Found the +9 sword of Zonguldrok {reap}
 75271 | Slime:5  | Found the ring of the Octopus King
 75273 | Slime:5  | Found the +10 zealot's sword {holy, *Rage rN+ EV+3}
 75351 | Slime:5  | Found the ring of Shadows {Umbra +Inv Stlth+}
 75354 | Slime:5  | Got a ring of the Octopus King
 75363 | Slime:5  | Identified a ring of the Octopus King {rCorr AC+1 EV+1
                  | Str+1 Int+1 Dex+1} (You found it on level 5 of the Pits of
                  | Slime)
 75370 | Slime:5  | Got a clouded lapis lazuli ring
 75371 | Slime:5  | Identified the ring "Wyofunk" {rElec rCorr} (You found it
                  | on level 5 of the Pits of Slime)
 75391 | Slime:5  | Got an ancient wooden ring
 75392 | Slime:5  | Identified the ring of Rocoucvuept {rN++ Slay+3 SInv} (You
                  | found it on level 5 of the Pits of Slime)
 75429 | Slime:5  | Got a slimy rune of Zot
 75572 | Slime:4  | Gained mutation: Your magical capacity is low. (-10% MP) [a
                  | shining eye]
 75742 | Slime:3  | Paralysed by a floating eye for 2 turns
 76540 | Vaults:5 | Entered Level 5 of the Vaults
 76560 | Vaults:5 | Noticed Jory
 76685 | Vaults:5 | Identified the +4 dire flail of Nuoreoc {elec, Str+3 Int+4}
 76711 | Vaults:5 | Reached skill level 15 in Spellcasting
 76817 | Vaults:5 | Killed Jory
 77145 | Vaults:5 | Identified the +8 halberd of Peace {freeze, Int+4 Dex+4}
 77328 | Vaults:5 | Found Ropp's Magic Scroll Emporium.
 77612 | Vaults:5 | Got a silver rune of Zot
 78275 | Hell     | Entered the Vestibule of Hell
 78276 | Hell     | Noticed Geryon
 78287 | Hell     | Killed Geryon
 78411 | Hell     | Found a gateway to the decaying netherworld of Tartarus.
 78482 | Hell     | Found a gateway to the freezing wastes of Cocytus.
 78931 | Hell     | Found a gateway to the Iron City of Dis.
 78971 | Hell     | Found a gateway to the ashen valley of Gehenna.
 79144 | Tar:1    | Entered Level 1 of Tartarus
 79394 | Tar:2    | You fall into a shaft and drop 2 floors!
 79424 | Tar:6    | Reached skill level 5 in Conjurations
 79617 | Tar:7    | Entered Level 7 of Tartarus
 79829 | Tar:7    | Noticed an ancient lich
 79831 | Tar:7    | Found the +0 pair of fencer's gloves {Riposte Dex+3}
 79837 | Tar:7    | Killed an ancient lich
 79861 | Tar:7    | Noticed an ancient lich
 79868 | Tar:7    | Killed an ancient lich
 79868 | Tar:7    | Reached skill level 10 in Conjurations
 80058 | Tar:7    | Noticed Ereshkigal
 80345 | Tar:7    | Learned a level 8 spell: Lehudib's Crystal Spear
 80468 | Tar:7    | Noticed an ancient lich
 80469 | Tar:7    | Noticed an ancient lich
 80475 | Tar:7    | Killed an ancient lich
 80478 | Tar:7    | Killed an ancient lich
 80478 | Tar:7    | Reached skill level 21 in Fighting
 80737 | Tar:7    | Paralysed by Ereshkigal for 4 turns
 80753 | Tar:7    | Killed Ereshkigal
 80786 | Tar:7    | Got a bone rune of Zot
 81025 | Tar:7    | Reached skill level 15 in Necromancy
 81979 | Dis:1    | Entered Level 1 of the Iron City of Dis
 82722 | Dis:4    | You fall into a shaft and drop 2 floors!
 82931 | Dis:7    | Entered Level 7 of the Iron City of Dis
 84798 | Dis:7    | Identified the +4 staff of Dispater
 84798 | Dis:7    | Noticed Dispater
 84835 | Dis:7    | Killed Dispater
 84953 | Dis:7    | Got a translucent iron ring
 84957 | Dis:7    | Got an iron rune of Zot
 84991 | Dis:7    | Identified the ring "Summ" {rPois Str+7 Int+4} (You found
                  | it on level 7 of the Iron City of Dis)
 85096 | Dis:7    | Got a brightly glowing platinum ring
 85097 | Dis:7    | Identified the ring "Hihuanil" {rF+ Int+6 Dex+2} (You found
                  | it on level 7 of the Iron City of Dis)
 85320 | Dis:7    | Found the +6 lightning scales {run, rElec}
 85341 | Dis:7    | Got a spiked kite shield
 85342 | Dis:7    | Identified the cursed +0 kite shield "Sunet" {Rampage
                  | Dex+4} (You found it on level 7 of the Iron City of Dis)
 85520 | Hell     | Bought a potion of resistance for 110 gold pieces
 85545 | Geh:1    | Entered Level 1 of Gehenna
 85665 | Hell     | Bought a book of the Tempests for 1120 gold pieces
 85675 | Hell     | Learned a level 9 spell: Tornado
 85863 | Geh:2    | Reached skill level 5 in Air Magic
 86319 | Geh:6    | Reached skill level 10 in Air Magic
 86367 | Geh:7    | Entered Level 7 of Gehenna
 87921 | Geh:7    | Identified the +7 sceptre of Asmodeus
 87921 | Geh:7    | Noticed Asmodeus
 87930 | Geh:7    | Banished Asmodeus
 87930 | Geh:7    | Reached skill level 15 in Air Magic
 87954 | Geh:7    | Identified the Papyrus of the Unholy Arsonist
 87967 | Geh:7    | Found the amulet of the Air {Inacc +Fly rElec EV+5 RMsl}
 88041 | Geh:7    | Got a scintillating golden amulet
 88049 | Geh:7    | Got an obsidian rune of Zot
 88052 | Geh:7    | Identified the amulet of Symmetry {Inacc rN+} (You found it
                  | on level 7 of Gehenna)
 88477 | Zot:1    | Entered Level 1 of the Realm of Zot
 91517 | Coc:1    | Entered Level 1 of Cocytus
 91905 | Coc:5    | You fall into a shaft and drop 1 floor!
 91993 | Coc:7    | Entered Level 7 of Cocytus
 92664 | Coc:7    | Noticed the Serpent of Hell
 92939 | Coc:7    | Noticed Antaeus
 93794 | Coc:7    | Banished Antaeus
 93802 | Coc:7    | Got an icy rune of Zot
 93805 | Coc:7    | Identified the Papyrus of the Compass
 94486 | Pan      | Entered Pandemonium
 94531 | Pan      | Noticed Oripoy the pandemonium lord
 95131 | Pan      | Got a demonic rune of Zot
 95393 | Pan      | Noticed Kodghos the pandemonium lord
 95492 | Pan      | Entered the realm of Cerebov.
 95569 | Pan      | Reached skill level 22 in Fighting
 95588 | Pan      | Identified the +6 sword of Cerebov {flame}
 95588 | Pan      | Noticed Cerebov
 95591 | Pan      | Identified the ring "Keurchei" {rF- MR++ Str+6}
 95592 | Pan      | Identified the ring "Acoca" {MR+ Str+6 Int-2 Stlth+}
 95604 | Pan      | Killed Cerebov
 95718 | Pan      | Got a fiery rune of Zot
 95836 | Pan      | Got a wavering bone ring
 95924 | Pan      | Identified the ring "Dodueck" {rElec MP+9} (You found it in
                  | Pandemonium)
 96184 | Pan      | Found a white marble altar of Elyvilon.
 96235 | Pan      | Your ally Oripoy died
 96615 | Pan      | Your ally Kodghos died
 96886 | Pan      | Identified the +3 buckler "Olokh" {+Fly rElec}
 96892 | Pan      | Identified the +0 buckler "Uqemed" {-Cast +Blink rElec
                  | Int+4}
 96902 | Pan      | Noticed a seraph
 96905 | Pan      | Found a glowing golden altar of the Shining One.
 96907 | Pan      | Reached skill level 23 in Fighting
 97390 | Pan      | Identified the +3 tower shield of Gravitas {rF++}
 97399 | Pan      | Found a glowing silver altar of Zin.
 97912 | Pan      | Entered the realm of Gloorx Vloq.
 97938 | Pan      | Noticed Gloorx Vloq
 97943 | Pan      | Killed Gloorx Vloq
 97951 | Pan      | Got a dark rune of Zot
 98049 | Pan      | Entered the realm of Lom Lobon.
 98168 | Pan      | Noticed Lom Lobon
 98176 | Pan      | Killed Lom Lobon
 98200 | Pan      | Got a magical rune of Zot
 98212 | Pan      | Reached skill level 24 in Fighting
 99665 | Pan      | Entered the realm of Mnoleg.
 99665 | Pan      | Noticed Mnoleg
 99670 | Pan      | Killed Mnoleg
 99670 | Pan      | Reached skill level 25 in Fighting
 99788 | Pan      | Gained mutation: Your system is resistant to poisons.
                  | (rPois) [a neqoxec]
 99801 | Pan      | Gained mutation: You are frail. (-10% HP) [a cacodemon]
 99806 | Pan      | Gained mutation: Your magical capacity is very low. (-20%
                  | MP) [a shining eye]
 99808 | Pan      | Gained mutation: Scrolls take you a little longer to read.
                  | [a neqoxec]
 99859 | Pan      | Lost mutation: You are dopey. (Int -2) [potion of mutation]
 99859 | Pan      | Lost mutation: Your magical capacity is very low. (-20% MP)
                  | [potion of mutation]
 99859 | Pan      | Gained mutation: You are partially covered in yellow
                  | scales. (AC +2) [potion of mutation]
100061 | Pan      | Identified Benagus's Collected Works on Arcane Weapons
100087 | Pan      | Got a glowing rune of Zot
100376 | Pan      | Gained mutation: You are weak. (Str -2) [a cacodemon]
100508 | Pan      | Noticed Qudad the pandemonium lord
100515 | Pan      | Cast into level 3 of the Abyss (Qudad)
100527 | Pan      | Escaped the Abyss
100528 | Pan      | Killed Qudad the pandemonium lord
100544 | Pan      | Got a shimmering golden ring
100547 | Pan      | Identified the ring "Gedis" {rC+ rN+ MR++ Str-4 Dex+2} (You
                  | found it in Pandemonium)
100611 | Pan      | Found an exit through the horrors of the Abyss.
100619 | Pan      | Took an exit into the Abyss.
100619 | Abyss:1  | Escaped into the Abyss
100642 | Abyss:1  | HP: 3/274 [Antaeus/+2 flail of protection (49)]
100642 | Abyss:1  | HP: 1/274 [Antaeus/+2 flail of protection (2)]
100642 | Abyss:1  | Annihilated by Antaeus

Illustrated notes

Levels and vault maps discovered:
D:1:      scummos_arrival_simple_crosswalls, layout_loops_ring
D:2:      minmay_alternating_diamond, layout_basic, uniq_robin,
          uniq_crazy_yiuf_cottage
D:3:      layout_loops_ring, grunt_temple_overflow_cloverleaf, bh_walls_and_bars
D:4:      layout_loops_corners, minmay_temple_entry_offerings,
          mrwooster_statue_mirror, uniq_menkaure
D:5:      layout_basic, lemuel_crystal_altar, lemuel_crystal_altar,
          grunt_qazlal_clouds, uniq_sigmund
D:6:      layout_basic, kennysheep_cross_room, uniq_duvessa, uniq_grinder,
          uniq_edmund, uniq_prince_ribbit1
D:7:      layout_loops_ring, nicolae_tso_swordbearing_angel,
          kennysheep_mini_moat, serial_shops, shop
D:8:      layout_basic, grunt_lair_entry_orc_guard_hut, uniq_grum, uniq_erica,
          uniq_joseph
D:9:      layout_roguey, serial_shops, nicolae_shop_window_shopping,
          minmay_misc_feat_encased, makhleb_altar_promises_db, uniq_pikel
D:10:     minmay_slanted_spiral_squares, layout_long_grid, hiddenorc2_lemuel,
          uniq_snorg
D:11:     layout_cave_pools, serial_shops, nicolae_shop_crystal
D:12:     layout_basic, portal_ice_cave_entry_pillars_2
D:13:     layout_roguey, erik_vaults_1, bh_circular_ruins, uniq_sonja
D:14:     layout_loops_ring, chequers_garden
D:15:     hangedman_depths_entry_civil_slaughter, layout_small_grid,
          nrook_mini_backslash, uniq_rupert, uniq_agnes
Lair:1:   kb_forest_paths, layout_gridlike, cheibrodos_lair_reptile_den,
          grunt_megastairs_1, uniq_gastronok
Lair:2:   layout_regular_city, dummy_spider_entry
Lair:3:   layout_cellular_growth, st_stairs_5
Lair:4:   layout_regular_city, palyth_hydra_swamp_entry, fungi_pond_lemuel,
          grunt_megastairs_3
Lair:5:   layout_gridlike, dpeg_slime_entry_corner
Lair:6:   evilmike_catoblepas_cave, layout_long_grid, bobbens_dragon_lair_wall,
          infiniplex_staircase_pool_2, grunt_megastairs_5
Swamp:1:  layout_basic_swamp, basic_altar, uniq_kirke
Swamp:2:  layout_basic_swamp, basic_altar, swamp_pool4
Swamp:3:  layout_basic_swamp, nicolae_swamp_stair_fork
Swamp:4:  swamp_old_school, layout_basic_swamp, swamp_pool5,
          nicolae_swamp_dense_foliage, infiniplex_staircase_pool, uniq_nikola
Spider:1: layout_spider_delve, ebering_ghost_reflecting_pool, uniq_aizul
Spider:2: layout_spider_delve, uniq_arachne
Spider:3: nicolae_spider_corner, uniq_donald
Spider:4: grunt_spider_rune_circles
Slime:1:  layout_caves, nicolae_slime_phagocytosis
Slime:2:  layout_caves
Slime:3:  layout_caves, cheibrodos_slime_lost_civilization_7
Slime:4:  layout_caves
Slime:5
Orc:1:    layout_diamond_mine, mines2_david
Orc:2:    grunt_orc_community_town_hall, layout_caves,
          grunt_orc_community_big_house_1, grunt_orc_community_big_house_1,
          grunt_orc_community_house_1, grunt_orc_community_house_2,
          grunt_orc_community_house_2, grunt_orc_community_house_2, basic_altar,
          trog_book
Elf:1:    eino_elf_arrival_the_gate, layout_gridlike,
          gammafunk_ghost_wrathful_warriors, minmay_elf_crystal_hexagon,
          ebering_dispersal_statue_hall
Elf:2:    layout_onion_city
Elf:3:    minmay_elf_hall_quartered_circle, layout_loops_corners,
          grunt_ministairs_14, minivault_25, serial_sigils_hangedman_clutch,
          uniq_louise
Vaults:1: hangedman_vaults_trim, nicolae_vaults_angled_halls,
          hangedman_vaults_trim, ontoclasm_vaults_hangar, vaults_room_corners,
          hangedman_vaults_snaps, vaults_room_pools, v_misc_15,
          nicolae_vaults_alarming, ontoclasm_vaults_decontamination,
          layout_vaults_big_room
Vaults:2: minmay_crypt_entry_simple_statues, vaults_dpeg_encased_lava,
          grunt_vaults_funnel, vaults_room_stairs_pillars, v_misc_12,
          vaults_standard_mumra_lines, v_misc_30, v_misc_25,
          ontoclasm_vaults_spin, layout_vaults_omnigrid
Vaults:3: ontoclasm_vaults_idyll, hangedman_vaults_stream,
          hangedman_vaults_slice, v_misc_29, vaults_mumra_hex,
          vaults_room_large_hall, nicolae_vaults_shelves_hall,
          vaults_room_door_hall, v_misc_29, nicolae_vaults_angled_halls,
          vaults_room_hallway, layout_vaults_omnicross
Vaults:4: vaults_standard_mumra_x, v_rooms_5, hangedman_vaults_variations,
          v_misc_32, v_misc_9, dpeg_vaults_monster_row,
          nicolae_vaults_display_case, layout_vaults_ring, serial_shops,
          nicolae_shop_stone
Vaults:5: uniq_jory
Crypt:1:  layout_catacombs, basic_altar, uniq_margery
Crypt:2:  layout_misc_corridors, skrybe_necro_troll_2
Crypt:3:  due_elkab, layout_chaotic_city, uniq_mennas
Depths:1: layout_cave_pools, kennysheep_pointless_box, lightli_too_deep,
          nicolae_lava_and_water, kennysheep_minor_cross,
          chequers_serial_rivers_marsh, corexii_corridor_pit,
          kennysheep_kite_vault, uniq_enchantress
Depths:2: radiant_caverns_a_rkd, hell_entry, abyss_entry
Depths:3: ragdoll_tomb_raider, layout_cave_pools, enter_ziggurat_f,
          lemuel_statue_altar, pan_entry, hell_entry,
          chequers_serial_rivers_small_b, kennysheep_potato, uniq_asterion
Depths:4: minmay_the_grid_square_5x5_5x5_mashed [minmay_the_grid_square_5x5_two,
          minmay_the_grid_square_5x5_eight_small,
          minmay_the_grid_square_5x5_checkered_sparse,
          minmay_the_grid_square_5x5_slash, minmay_the_grid_square_5x5_c,
          minmay_the_grid_square_5x5_half_checkered,
          minmay_the_grid_square_5x5_prize_open,
          minmay_the_grid_square_5x5_minivault,
          minmay_the_grid_square_5x5_prize_waves,
          minmay_the_grid_square_5x5_plus,
          minmay_the_grid_square_5x5_three_walls,
          minmay_the_grid_square_5x5_six_small,
          minmay_the_grid_square_5x5_prize_open,
          minmay_the_grid_square_5x5_inverted_slash,
          minmay_the_grid_square_5x5_gyroscope,
          minmay_the_grid_square_5x5_dogpile,
          minmay_the_grid_square_5x5_prize_junk,
          minmay_the_grid_square_5x5_percent,
          minmay_the_grid_square_5x5_prize_deathbox,
          minmay_the_grid_square_5x5_shuriken, minmay_the_grid_square_5x5_empty,
          minmay_the_grid_square_5x5_three_small,
          minmay_the_grid_square_5x5_shrine2, minmay_the_grid_square_5x5_v,
          minmay_the_grid_square_5x5_seven], layout_cave_shapes,
          hangedman_decor_riveting, abyss_entry, grunt_hell_entry_dis_mu,
          infiniplex_staircase_zigzag_2
Depths:5: grunt_x_marks_the_spot, layout_gridlike,
          serial_sigils_hangedman_shear, pf_dread_powers_of_hell,
          minmay_liquid_box, minmay_multi_spiral, minmay_shop_grove,
          serial_bayou_shore_b, uniq_xtahua
Hell
Dis:1:    layout_gridville
Dis:2:    layout_regular_city
Dis:3:    layout_subdivisions
Dis:4:    layout_chaotic_city
Dis:6:    layout_subdivisions
Dis:7:    iron_city_of_dis [dis_mu, dis_wall_2], layout_chaotic_city
Geh:1:    layout_gehenna_pools_box, lemuel_flamethrower_3
Geh:2:    layout_gehenna_pools_box
Geh:3:    layout_gehenna_lava_caves
Geh:4:    layout_gehenna_lava_caves
Geh:5:    layout_gehenna_lava_caves
Geh:6:    layout_gehenna_pools_triple
Geh:7:    geh_mu
Coc:1:    layout_ice_bergs
Coc:2:    layout_cocytus_water_paths
Coc:3:    layout_ice_bergs
Coc:4:    layout_ice_bergs
Coc:5:    layout_cocytus_water_paths
Coc:6:    layout_cocytus_water_paths
Coc:7:    coc_grunt_cove [coc_grunt_cove_antaeus, coc_grunt_cove_fiend,
          coc_grunt_cove_fiend, coc_grunt_cove_fiend, coc_grunt_cove_fiend]
Tar:1:    layout_catacombs
Tar:2:    layout_honeycomb, grunt_megastairs_2
Tar:4:    layout_grid_maze
Tar:5:    layout_catacombs
Tar:6:    layout_grid_maze
Tar:7:    tar_grunt_cathedral
Zot:1:    kennysheep_oblong_rooms, layout_basic
Zot:2:    layout_onion_interference
Zot:3:    layout_twisted_circle
Zot:4:    layout_concentric_octagons
Abyss:1:  base: Coc:6, evilmike_abyss_exit_13

Skill      XL: |  1  2  3  4  5  6  7  8  9 10 11 12 13 14 15 16 17 18 19 20 21 22 23 24 25 26 27 |
---------------+----------------------------------------------------------------------------------+-----
Long Blades    | 3 4 5 7 10 13 15 16 22 | 22.9
Throwing       | 2 4 5 9 |  9.7
Shields        | 4 8 13 15 | 15.0
Fighting       | 5 8 9 12 14 15 18 25 | 25.6
Poison Magic   | 2 5 7 |  7.9
Conjurations   | 2 13 | 13.7
Air Magic      | 1 2 20 | 20.6
Spellcasting   | 1 3 7 8 9 12 13 21 | 21.0
Translocations | 2 |  2.2
Dodging        | 6 10 12 15 18 | 18.2
Evocations     | 5 7 |  7.5
Transmutations | 4 9 11 | 11.7
Ice Magic      | 3 |  3.9
Earth Magic    | 1 8 12 15 19 21 | 21.3
Necromancy     | 7 10 13 16 | 16.9
Stealth        | 18 | 18.3

Action                   |  1- 3 |  4- 6 |  7- 9 | 10-12 | 13-15 | 16-18 | 19-21 | 22-24 | 25-27 || total
-------------------------+-------+-------+-------+-------+-------+-------+-------+-------+-------++-------
Melee: Long sword        |    46 |   119 |   170 |    38 |       |       |       |       |       ||   373
       Constrict         |    17 |    34 |    46 |   104 |   144 |   145 |   143 |   180 |   543 ||  1356
       Tentacles         |    10 |    30 |    53 |   156 |   355 |   252 |   274 |   363 |  1171 ||  2664
       Scimitar          |       |       |       |   493 |   850 |       |       |       |       ||  1343
       Double sword      |       |       |       |       |   197 |   752 |   778 |   976 |  3410 ||  6113
       Kick              |       |       |       |       |       |       |       |       |  1570 ||  1570
Throw: Dart              |     7 |    12 |    71 |    52 |     2 |       |       |       |       ||   144
       Boomerang         |       |       |       |    15 |    74 |    27 |     3 |       |       ||   119
       Javelin           |       |       |       |     6 |    12 |       |       |     2 |    22 ||    42
 Cast: Mephitic Cloud    |       |       |     2 |     2 |     5 |     1 |       |       |       ||    10
       Blink             |       |       |       |     1 |     3 |       |       |       |       ||     4
       Ozocubu's Armour  |       |       |       |     2 |     1 |       |       |     1 |     1 ||     5
       Wereblood         |       |       |       |     1 |       |       |       |       |       ||     1
       Eringya's Noxious |       |       |       |       |    16 |       |       |       |       ||    16
       Statue Form       |       |       |       |       |     2 |    44 |    30 |    40 |   155 ||   271
       Borgnjor's Vile C |       |       |       |       |       |       |     2 |    11 |     9 ||    22
       Shatter           |       |       |       |       |       |       |       |       |    30 ||    30
       Tornado           |       |       |       |       |       |       |       |       |    12 ||    12
       Lehudib's Crystal |       |       |       |       |       |       |       |       |     4 ||     4
Invok: Potion Petition   |       |       |     1 |       |       |       |       |       |       ||     1
       Call Merchant     |       |       |       |       |     4 |       |       |     3 |     4 ||    11
       Bribe Branch      |       |       |       |       |       |       |       |       |     6 ||     6
 Abil: End Transformatio |       |       |       |       |       |       |       |     2 |       ||     2
Evoke: Wand              |       |       |       |    24 |    13 |     4 |       |     3 |     2 ||    46
       Condenser vane    |       |       |       |       |     2 |       |     1 |       |       ||     3
       Tin of tremorston |       |       |       |       |       |     1 |     1 |       |       ||     2
       Phantom mirror    |       |       |       |       |       |       |       |       |     1 ||     1
  Use: Potion            |       |       |       |     8 |    10 |     2 |       |     7 |    20 ||    47
       Scroll            |       |       |       |    20 |    26 |     2 |     1 |     9 |    24 ||    82
 Stab: Sleeping          |    12 |     9 |    20 |     9 |    18 |    22 |    50 |    47 |    90 ||   277
       Distracted        |       |       |     1 |     6 |    10 |    12 |     8 |    23 |    83 ||   143
       Confused          |       |       |     1 |     2 |       |     2 |       |       |       ||     5
       Invisible         |       |       |       |     4 |     3 |       |       |       |       ||     7
       Paralysed         |       |       |       |       |    10 |       |       |       |       ||    10
       Petrified         |       |       |       |       |       |     3 |       |       |       ||     3
       Held in net/web   |       |       |       |       |       |     1 |       |       |       ||     1
Armor: Skin              |     4 |     3 |       |    14 |    36 |   190 |   108 |   117 |   578 ||  1050
Dodge: Dodged            |    14 |    31 |    81 |   283 |   384 |   655 |   407 |   547 |  2292 ||  4694
Block: Kite shield       |    15 |    37 |       |       |       |       |   585 |   764 |  3055 ||  4456
       Buckler           |       |       |    35 |   249 |   433 |   583 |    60 |       |       ||  1360
       Reflection        |       |       |       |     5 |    32 |    13 |    85 |    28 |    63 ||   226
       Rpst.: Long sword |     6 |     9 |    22 |     8 |       |       |       |       |       ||    45
       Scimitar          |       |       |       |    66 |    77 |       |       |       |       ||   143
       Double sword      |       |       |       |       |    19 |   130 |    66 |    77 |   349 ||   641

Table legend: (Time is in decaauts)
 A = Elapsed time spent in this place.
 B = Non-inter-level travel time spent in this place.
 C = Inter-level travel time spent in this place.
 D = Time resting spent in this place.
 E = Time spent auto-exploring this place.
 F = Levels seen in this place.
 G = Mean time per level.
                   A        B        C        D        E       F      G
               +--------+--------+--------+--------+--------+-----+--------+
         Total | 108793 | 101058 |   7735 |  14829 |  58925 |  99 | 1098.9 |
       Dungeon |  22809 |  20187 |   2622 |   4495 |  11799 |  15 | 1520.6 |
          Lair |  13687 |  12674 |   1013 |   5057 |   5849 |   6 | 2281.2 |
         Swamp |   5252 |   5130 |    122 |    495 |   3604 |   4 | 1313.0 |
   Spider Nest |   7620 |   6998 |    622 |    934 |   4674 |   4 | 1905.0 |
    Slime Pits |   2316 |   2281 |     35 |    541 |    956 |   5 |  463.2 |
  Orcish Mines |   3474 |   3181 |    293 |    412 |   1802 |   2 | 1737.0 |
   Elven Halls |   3825 |   3453 |    372 |    170 |   2225 |   3 | 1275.0 |
        Vaults |   9933 |   8942 |    991 |    701 |   6183 |   5 | 1986.6 |
         Crypt |   4862 |   4663 |    199 |    266 |   2980 |   3 | 1620.7 |
        Depths |   7692 |   7076 |    616 |    356 |   4562 |   5 | 1538.4 |
          Hell |   1345 |   1023 |    322 |      0 |    552 |   1 | 1345.0 |
           Dis |   4181 |   4038 |    143 |    326 |   2014 |   6 |  696.8 |
       Gehenna |   3441 |   3366 |     75 |     27 |   1863 |   7 |  491.6 |
       Cocytus |   3545 |   3545 |      0 |    271 |   1755 |   7 |  506.4 |
      Tartarus |   3282 |   3226 |     56 |    129 |   1567 |   6 |  547.0 |
           Zot |   3406 |   3159 |    247 |     23 |   2564 |   4 |  851.5 |
         Abyss |    485 |    485 |      0 |      0 |     89 |   3 |  161.7 |
   Pandemonium |   6885 |   6885 |      0 |    292 |   3821 |  12 |  573.8 |
      Ice Cave |    745 |    745 |      0 |    330 |     60 |   1 |  745.0 |
               +--------+--------+--------+--------+--------+-----+--------+

Top non-repeatable levels by time:
  Lair:6: 3520 daAuts
     D:8: 3141 daAuts
   Dis:7: 3049 daAuts
   Coc:7: 2939 daAuts
  Lair:5: 2750 daAuts
Vaults:4: 2692 daAuts
   Tar:7: 2687 daAuts
    D:10: 2608 daAuts
  Lair:4: 2570 daAuts
  Lair:1: 2515 daAuts
Vaults:2: 2482 daAuts
   Orc:2: 2478 daAuts
   Geh:7: 2460 daAuts
Spider:4: 2322 daAuts
Spider:3: 2156 daAuts
